 Dungeon Crawl Stone Soup version 0.27-a0-1184-ge86db4a01e (webtiles) character file.

Game seed: 18351547748910527687

12245 karkarkar the Cleaver (level 11, -1/99 HPs)
             Began as a Minotaur Berserker on May 18, 2021.
             Was a High Priest of Trog.
             Slain by an orc warrior
             ... wielding a +0 trident
             ... led by an orc warlord
              (15 damage)
             ... on level 1 of the Orcish Mines.
             The game lasted 00:40:34 (12881 turns).

karkarkar the Cleaver (Minotaur Berserker)         Turns: 12881, Time: 00:40:35

Health: -1/99      AC: 20    Str: 26    XL:     11   Next: 59%
Magic:  10/10      EV:  9    Int:  4    God:    Trog [*****.]
Gold:   890        SH:  0    Dex:  9    Spells: 10/10 levels left

rFire    . . .     SeeInvis .   K - +2 war axe (flame)
rCold    . . .     Faith    +   (no shield)
rNeg     . . .     Spirit   .   a - +0 plate armour
rPois    +         Reflect  .   (helmet restricted)
rElec    .         Harm     .   p - +0 cloak
rCorr    .         Rampage  .   r - +0 pair of gloves
Will     ++...                  (no boots)
Stlth    ..........             g - amulet of faith
HPRegen  1.26/turn              I - +4 ring of protection
MPRegen  0.12/turn              s - ring of poison resistance

@: strong-willed (expiring), regenerating (expiring)
A: horns 2, retaliatory headbutt
a: Renounce Religion, Berserk, Trog's Hand, Brothers in Arms


You were on level 1 of the Orcish Mines.
You worshipped Trog.
Trog was extremely pleased with you.
You visited 2 branches of the dungeon, and saw 13 of its levels.

You collected 890 gold pieces.

Inventory:

Hand Weapons
 t - a +1 dire flail of holy wrath
 G - a +4 spear of freezing
 K - a +2 war axe of flaming (weapon)
 N - a +5 battleaxe
Missiles
 v - a throwing net
 z - 61 poisoned darts
 D - 7 atropa-tipped darts (quivered)
Armour
 a - a +0 plate armour (worn)
 p - a +0 cloak (worn)
 r - a +0 pair of gloves (worn)
Jewellery
 g - an amulet of faith (around neck)
 m - a ring of magical power
 s - a ring of poison resistance (right hand)
 w - an amulet of reflection
 I - a +4 ring of protection (left hand)
 M - a ring of resist corrosion
Wands
 y - a wand of mindburst (16)
 H - a wand of flame (16)
Scrolls
 b - 7 scrolls of fear
 f - 3 scrolls of vulnerability
 l - a scroll of silence
 n - 4 scrolls of fog
 u - 2 scrolls of enchant armour
 x - 2 scrolls of noise
 B - 2 scrolls of amnesia
 L - 3 scrolls of teleportation {unknown}
Potions
 c - 4 potions of curing
 d - 4 potions of brilliance
 e - 3 potions of ambrosia
 h - a potion of invisibility
 j - a potion of lignification {unknown}
 k - 3 potions of attraction
 o - a potion of haste
 q - 2 potions of berserk rage
 C - a potion of mutation {unknown}
 E - a potion of flight {unknown}
 F - 2 potions of might
 J - a potion of magic {unknown}


   Skills:
 + Level 9.8 Fighting
 - Level 6.3 Short Blades
 * Level 14.3(14.5) Axes
 - Level 3.5(10.2) Polearms
 + Level 1.8 Throwing
 + Level 8.9 Armour
 + Level 5.8 Dodging
 + Level 3.6 Stealth


You had 10 spell levels left.
You didn't know any spells.
Your spell library was empty.

Dungeon Overview and Level Annotations

Branches:
Dungeon (11/15)            Temple (0/1) D:6            Lair (0/6) D:11
    Orc (2/2) D:9
    Elf: Orc:2

Altars:
Cheibriados
Dithmenos
Fedhas
Hepliaklqana
Makhleb
Nemelex Xobeh
Okawaru
Qazlal
Ru
Xom

Shops:
D:3 ?   D:10 *

Annotations:
D:6 3 runed translucent doors, pokeman's ghost, novice DEWz
D:8 3 runed translucent doors, MikuNakano's ghost, novice VSBe; RealJoeEstevez's ghost, novice FoAK; leviel's ghost, novice MiFi; noodleboyJ's ghost, novice DrWn
D:10 1 runed translucent door, rjrrt's ghost, novice DsBe


Innate Abilities, Weirdness & Mutations

You have a pair of horns on your head.
You reflexively headbutt those who attack you in melee.


Message History

Things that are here:
a +0 dagger; a +0 leather armour You feel yourself slow down.
You feel the effects of Trog's Hand fading.
The orc warrior no longer looks unusually strong.
The orc warlord roars a battlecry!
The orc warrior goes into a battle-frenzy!
Your skin stops crawling.
You feel less strong-willed.
Things that are here:
a +0 dagger; an orc skeleton The orc warlord hits you but does no damage.
Things that are here:
a +0 club; a +0 ring mail The orc warrior barely misses you.
Things that are here:
a +0 dagger; a +0 robe; an orc skeleton
Items here: )) [ รทรท.
Things that are here:
a +0 hand axe; a +0 leather armour You see here a +0 flail.
Your skin crawls.
You feel strong-willed.
The orc warlord hits you from afar with a +0 glaive.
The orc warrior no longer looks unusually strong.
The orc warlord roars a battlecry!
The orc warrior goes into a battle-frenzy!
Things that are here:
a +0 robe; a +0 dagger
Things that are here:
a +0 leather armour; a +0 mace You see here a +0 hand axe.
The orc warlord hits you from afar with a +0 glaive.
You feel the effects of Trog's Hand fading.
The orc warrior hits you from afar with a +0 trident!
Your ogre goes berserk!
The orc warrior hits you from afar with a +0 trident!
The orc warlord hits you from afar with a +0 glaive!!
* * * LOW HITPOINT WARNING * * *
The orc warrior hits you from afar with a +0 trident!
You die...

###..).###...............#
##.......#.................
#..........................
##............#...........#
###.........##.........#.#
###...#.............#...
#...o..................
###.o#..................
######.##...@................
##.##.........................
#.........O#..........>.......
##.##.###..#...............<..
########...#.................
#...####...............
##.#...........>.......
##..................#.
#..................###


You could see an orc warlord (ally target), an orc warrior (strong) and a
friendly ogre (summoned, berserk).

Vanquished Creatures
  A hydra (D:11)
  A two-headed ogre (D:10)
  Nergalle (D:11)
  Pikel (D:9)
  An ugly thing (D:11)
  A cyclops (D:11)
  An orc sorcerer (Orc:1)
  2 gargoyles
  A komodo dragon (D:6)
  Psyche (D:9)
  3 trolls
  A hornet (D:9)
  Grinder (D:3)
  Sigmund (D:2)
  Grum (D:10)
  2 steam dragons
  3 vampire mosquitoes (D:11)
  4 wargs
  An acid dragon (D:11)
  2 water moccasins
  A hornet zombie (D:7)
  10 orc warriors
  2 ice beasts
  A necrophage (D:6)
  A swamp drake (D:9)
  2 black bears
  2 ogres
  2 phantoms
  3 wolves (D:10)
  4 centaurs
  A gnoll sergeant (D:9)
  3 scorpions (D:5)
  A water moccasin zombie (D:5)
  A wyvern skeleton (D:5)
  2 howler monkeys
  8 wights
  2 centaur zombies
  11 orc priests
  2 bullfrog zombies
  A centaur skeleton (D:7)
  A hound (D:5)
  3 gnoll shamans
  3 jellies
  3 iguanas
  Jessica (D:2)
  14 orc wizards
  2 killer bee zombies
  A mummy (D:6)
  A hound zombie (D:5)
  A hound skeleton (D:5)
  2 howler monkey zombies
  15 gnolls
  3 adders
  A white imp (D:7)
  An ufetubus (D:5)
  An adder skeleton (D:4)
  3 worms
  A dart slug (D:1)
  54 orcs
  3 bats
  9 endoplasms
  2 giant cockroaches
  5 goblins
  6 hobgoblins
  6 jackals
  4 quokkas (D:1)
  6 ball pythons
  8 frilled lizards
  A hobgoblin zombie (D:6)
  9 kobolds
  A kobold zombie (D:6)
  2 orc zombies (D:6)
  6 rats
  A spectral kobold (D:11)
270 creatures vanquished.

Vanquished Creatures (others)
  2 withered plants (D:8)
2 creatures vanquished.

Grand Total: 272 creatures vanquished

Notes
Turn   | Place    | Note
-------+----------+-------------------------------------------
     0 | D:1      | karkarkar the Minotaur Berserker began the quest for the
                  | Orb.
     0 | D:1      | Reached XP level 1. HP: 19/19 MP: 0/0
   334 | D:1      | Reached XP level 2. HP: 24/27 MP: 1/1
   796 | D:1      | Reached ** piety under Trog
   805 | D:1      | Reached skill level 4 in Axes
  1114 | D:1      | Reached XP level 3. HP: 34/34 MP: 2/2
  1546 | D:2      | Found a faded altar of an unknown god.
  1597 | D:2      | Reached skill level 1 in Short Blades
  1611 | D:2      | Noticed Jessica
  1618 | D:2      | Killed Jessica
  1619 | D:2      | Reached XP level 4. HP: 41/41 MP: 3/3
  1698 | D:2      | Noticed Sigmund
  1724 | D:2      | Killed Sigmund
  1725 | D:2      | Reached skill level 5 in Fighting
  1725 | D:2      | Reached skill level 5 in Axes
  1725 | D:2      | Reached skill level 1 in Stealth
  1725 | D:2      | Reached XP level 5. HP: 35/48 MP: 4/4
  1934 | D:2      | Found a sacrificial altar of Ru.
  1982 | D:2      | Reached *** piety under Trog
  2137 | D:3      | Noticed Grinder
  2141 | D:3      | Paralysed by Grinder for 4 turns
  2153 | D:3      | Killed Grinder
  2154 | D:3      | Reached XP level 6. HP: 20/56 MP: 5/5
  2309 | D:3      | Found Qimub's Magic Scroll Shop.
  2771 | D:3      | Found a hazy altar of Hepliaklqana.
  2771 | D:3      | Found a blossoming altar of Fedhas.
  2771 | D:3      | Found an iron altar of Okawaru.
  2988 | D:4      | Reached XP level 7. HP: 37/61 MP: 6/6
  3535 | D:4      | Found a burning altar of Makhleb.
  3539 | D:4      | Found a shadowy altar of Dithmenos.
  3732 | D:5      | Entered Level 5 of the Dungeon
  3771 | D:5      | Reached skill level 5 in Short Blades
  4007 | D:5      | Reached **** piety under Trog
  4180 | D:5      | Reached skill level 6 in Axes
  4314 | D:5      | Reached XP level 8. HP: 69/70 MP: 7/7
  4977 | D:6      | Reached skill level 7 in Axes
  5238 | D:6      | Noticed a komodo dragon
  5260 | D:6      | Killed a komodo dragon
  5261 | D:6      | Reached skill level 8 in Axes
  5261 | D:6      | Reached XP level 9. HP: 60/79 MP: 8/8
  5505 | D:6      | Reached skill level 5 in Dodging
  5803 | D:6      | Found a staircase to the Ecumenical Temple.
  5816 | D:6      | Found a runed translucent gate.
  5816 | D:6      | Found a runed translucent gate.
  5818 | D:6      | Found a runed translucent gate.
  5821 | D:6      | Noticed pokeman's ghost (novice DEWz)
  5902 | D:6      | Reached skill level 9 in Axes
  5905 | D:6      | Found a sparkling altar of Nemelex Xobeh.
  6432 | D:7      | Found a stormy altar of Qazlal.
  6467 | D:7      | Reached skill level 5 in Armour
  6735 | D:7      | Reached ***** piety under Trog
  7059 | D:7      | Noticed a troll
  7225 | D:7      | Reached skill level 10 in Axes
  7525 | D:7      | Killed a troll
  7728 | D:8      | Found a runed translucent gate.
  7729 | D:8      | Found a runed translucent gate.
  7730 | D:8      | Found a runed translucent gate.
  7731 | D:8      | Noticed leviel's ghost (novice MiFi)
  7732 | D:8      | Noticed RealJoeEstevez's ghost (novice FoAK)
  7732 | D:8      | Noticed MikuNakano's ghost (novice VSBe)
  7732 | D:8      | Noticed noodleboyJ's ghost (novice DrWn)
  7961 | D:8      | Found a snail-covered altar of Cheibriados.
  8317 | D:9      | Reached skill level 11 in Axes
  8317 | D:9      | Reached skill level 1 in Polearms
  9001 | D:9      | Noticed Psyche
  9021 | D:9      | Killed Psyche
  9022 | D:9      | Reached XP level 10. HP: 81/88 MP: 9/9
  9309 | D:9      | Noticed Pikel
  9331 | D:9      | Killed Pikel
  9343 | D:9      | Received a gift from Trog
  9422 | D:9      | Found a staircase to the Orcish Mines.
  9966 | D:10     | Entered Level 10 of the Dungeon
  9966 | D:10     | Noticed a two-headed ogre
 10370 | D:10     | Killed a two-headed ogre
 10375 | D:10     | Reached skill level 1 in Throwing
 10449 | D:10     | Reached skill level 12 in Axes
 10522 | D:10     | Found a runed translucent door.
 10523 | D:10     | Found a shimmering altar of Xom.
 10523 | D:10     | Noticed rjrrt's ghost (novice DsBe)
 10523 | D:10     | Noticed a +0 scimitar of chaos
 10557 | D:10     | Found Xikij's Assorted Antiques.
 10606 | D:10     | Noticed a gargoyle
 10610 | D:10     | Killed a gargoyle
 10614 | D:10     | Noticed Grum
 10628 | D:10     | Killed Grum
 11039 | D:11     | Noticed a gargoyle
 11043 | D:11     | Noticed a green ugly thing
 11049 | D:11     | Killed a gargoyle
 11050 | D:11     | Reached XP level 11. HP: 97/97 MP: 10/10
 11067 | D:11     | Killed a green ugly thing
 11068 | D:11     | Reached skill level 13 in Axes
 11242 | D:11     | Found a staircase to the Lair.
 11353 | D:11     | Noticed Nergalle
 11385 | D:11     | Found a hazy altar of Hepliaklqana.
 11414 | D:11     | Received a gift from Trog
 11449 | D:11     | Killed Nergalle
 11657 | D:11     | Noticed an eight-headed hydra
 11665 | D:11     | Killed a four-headed hydra
 12179 | Orc:1    | Entered Level 1 of the Orcish Mines
 12362 | Orc:1    | You fall into a shaft and drop 1 floor!
 12362 | Orc:2    | Entered Level 2 of the Orcish Mines
 12566 | Orc:1    | Reached skill level 14 in Axes
 12760 | Orc:1    | Noticed an orc sorcerer
 12768 | Orc:1    | Killed an orc sorcerer
 12771 | Orc:1    | Noticed an orc warlord
 12881 | Orc:1    | Slain by an orc warrior

Illustrated notes

Levels and vault maps discovered:
D:1:      dpeg_arrival_triangle_fractal, layout_basic, serial_corexii_hall,
          chequers_hall_statues_wall_a, chequers_hall_statues_y,
          corexii_hall_statues_i, corexii_hall_statues_s,
          chequers_serial_rivers_micro_d, hex_intersection, corexii_corridor_pit
D:2:      layout_rooms, basic_altar, hellmonk_ecumenical_altar_arch_garden,
          uniq_sigmund, uniq_jessica
D:3:      layout_basic, gammafunk_temple_overflow_claw, serial_shops,
          nicolae_shop_waterfront, uniq_grinder
D:4:      layout_cave_pools, minitemple, due_unseen_surprise
D:5:      layout_loops_cross, st_stairs_11
D:6:      layout_rooms, overflow_temple_1_default, minmay_temple_entry_trees,
          gammafunk_ghost_necromancy, corner_web_ring, minmay_mini_ossuary
D:7:      layout_loops_ring, overflow_temple_1_default
D:8:      layout_rooms, kennysheep_little_box, gammafunk_ghost_cemetery
D:9:      layout_roguey, erik_orc_1, uniq_pikel, uniq_psyche
D:10:     layout_cave_pools, serial_shops, shop, ebering_ghost_xom, uniq_grum
D:11:     layout_cave_pools, erik_lair_orcish_takeover,
          nicolae_hepliaklqana_monster_ancestors, uniq_nergalle
Orc:1:    layout_caves, lightli_church_of_beogh
Orc:2:    st_orc_mages, layout_diamond_mine, gammafunk_ghost_abyssal_escape,
          serial_shops, shop, minmay_orc_keep

Skill      XL: |  1  2  3  4  5  6  7  8  9 10 11 |
---------------+----------------------------------+-----
Fighting       | 4 5 6 7 9 |  9.8
Axes           | 4 5 6 8 11 12 14 | 14.3
Short Blades   | 1 3 4 6 |  6.3
Stealth        | 1 2 3 |  3.6
Dodging        | 3 4 5 |  5.8
Armour         | 3 4 5 8 |  8.9
Polearms       | 2 3 |  3.5
Throwing       | 1 |  1.8

Action                   |  1- 3 |  4- 6 |  7- 9 | 10-12 || total
-------------------------+-------+-------+-------+-------++-------
Melee: Hand axe          |    18 |       |       |       ||    18
       Short sword       |    43 |    58 |    56 |       ||   157
       Headbutt          |     7 |     9 |    76 |    43 ||   135
       War axe           |       |       |   149 |   208 ||   357
       Spear             |       |       |    86 |    69 ||   155
Throw: Dart              |       |       |     3 |     6 ||     9
Invok: Berserk           |     1 |     1 |     7 |     4 ||    13
       Trog's Hand       |       |     2 |     3 |     4 ||     9
       Brothers in Arms  |       |       |     1 |     1 ||     2
  Use: Scroll            |       |     6 |     5 |     3 ||    14
       Potion            |       |     3 |     1 |     5 ||     9
 Stab: Sleeping          |       |       |     7 |       ||     7
Armor: Animal skin       |     7 |       |       |       ||     7
       Leather armour    |     4 |     5 |    54 |       ||    63
       Plate armour      |       |       |    51 |   145 ||   196
Dodge: Dodged            |    30 |    32 |   163 |    96 ||   321

Table legend: (Time is in decaauts)
 A = Elapsed time spent in this place.
 B = Non-inter-level travel time spent in this place.
 C = Inter-level travel time spent in this place.
 D = Time resting spent in this place.
 E = Time spent auto-exploring this place.
 F = Levels seen in this place.
 G = Mean time per level.
                   A        B        C        D        E       F      G
               +--------+--------+--------+--------+--------+-----+--------+
         Total |  12914 |  12786 |    128 |   2629 |   7151 |  13 |  993.4 |
       Dungeon |  12237 |  12110 |    127 |   2568 |   6829 |  11 | 1112.5 |
  Orcish Mines |    677 |    676 |      1 |     61 |    322 |   2 |  338.5 |
               +--------+--------+--------+--------+--------+-----+--------+

Top non-repeatable levels by time:
     D:9: 1991 daAuts
     D:7: 1554 daAuts
     D:1: 1458 daAuts
     D:6: 1174 daAuts
     D:5: 1158 daAuts
    D:10: 1006 daAuts
    D:11: 933 daAuts
     D:4: 928 daAuts
     D:3: 715 daAuts
     D:8: 663 daAuts
     D:2: 654 daAuts
   Orc:1: 550 daAuts
   Orc:2: 126 daAuts
